 Dungeon Crawl Stone Soup version 0.27-a0-200-g8ba017916c (webtiles) character file.

Game seed: 14380140955575291349

18894 sanka the Severer (level 12, -1/102 HPs)
             Began as a Ghoul Monk on Jan 29, 2021.
             Was a High Priest of Makhleb.
             Killed from afar by an ice dragon (18 damage)
             ... with a blast of cold
             ... on level 12 of the Dungeon.
             The game lasted 00:33:19 (15999 turns).

sanka the Severer (Ghoul Monk)                     Turns: 15999, Time: 00:33:19

Health: -1/102     AC: 26    Str: 33    XL:     12   Next: 63%
Magic:  0/5        EV: 13    Int:  5    God:    Makhleb [*****.]
Gold:   677        SH:  0    Dex: 11    Spells: 11/11 levels left

rFire    + . .     SeeInvis .   a - +5 battleaxe (antimagic)
rCold    + . .     Faith    .   (shield currently unavailable)
rNeg     + + +     Spirit   +   D - +10 plate armour of Infinity {Str+7 Slay-4}
rPois    ∞         Reflect  .   (no helmet)
rElec    .         Harm     .   m - +0 cloak
rCorr    .         Rampage  .   Y - +0 pair of gloves {archery}
Will     .....                  o - +0 pair of boots
Stlth    ..........             P - amulet of guardian spirit
HPRegen  0.00/turn              I - +6 ring of strength
MPRegen  0.09/turn              h - ring "Mixes" {rF+ EV+4}

@: no status effects
A: claws 1, cold resistance 1, negative energy resistance 3, inhibited
regeneration, torment resistance, unbreathing
a: Renounce Religion, Minor Destruction, Lesser Servant of Makhleb, Major
Destruction, Greater Servant of Makhleb


You were on level 12 of the Dungeon.
You worshipped Makhleb.
Makhleb was extremely pleased with you.
You visited 2 branches of the dungeon, and saw 13 of its levels.
You also visited: Sewer and Gauntlet.

You collected 782 gold pieces.
You spent 105 gold pieces at shops.


Innate Abilities, Weirdness & Mutations

You thrive by killing the living.
You are immune to poison.
You have sharp fingernails.
Your flesh is cold resistant. (rC+)
You are immune to negative energy. (rN+++)
You do not regenerate when monsters are visible.
You are immune to unholy pain and torment.
You can survive without breathing.


   Skills:
 + Level 8.2 Fighting
 * Level 15.1 Axes
 + Level 6.2 Armour
 - Level 3.0 Dodging
 - Level 2.1 Stealth
 + Level 6.4 Invocations


You had 11 spell levels left.
You didn't know any spells.
Your spell library contained the following spells:

 Spells                   Type           Power        Failure   Level
 Apportation              Tloc           0%           98%         1
 Foxfire                  Conj/Fire      0%           98%         1
 Magic Dart               Conj           0%           98%         1
 Sandblast                Erth           0%           98%         1
 Blink                    Tloc           N/A          99%         2
 Call Imp                 Summ           0%           99%         2
 Passwall                 Tmut/Erth      0%           99%         2
 Slow                     Hex            0%           99%         2
 Conjure Flame            Conj/Fire      0%           100%        3
 Inner Flame              Hex/Fire       0%           100%        3
 Lesser Beckoning         Tloc           0%           100%        3
 Mephitic Cloud           Conj/Pois/Air  0%           100%        3
 Stone Arrow              Conj/Erth      0%           100%        3
 Tukima's Dance           Hex            0%           100%        3
 Leda's Liquefaction      Hex/Erth       0%           100%        4
 Petrify                  Tmut/Erth      0%           100%        4
 Sticky Flame             Conj/Fire      0%           100%        4
 Alistair's Intoxication  Tmut/Pois      0%           100%        5
 Bolt of Magma            Conj/Fire/Erth 0%           100%        5
 Fireball                 Conj/Fire      0%           100%        5
 Lee's Rapid Deconstruct  Erth           0%           100%        5
 Eringya's Noxious Bog    Tmut/Pois      0%           100%        6
 Invisibility             Hex            0%           100%        6
 Iron Shot                Conj/Erth      0%           100%        6
 Shatter                  Erth           0%           100%        9
 Wereblood                Tmut           Unusable     N/A         2
 Spider Form              Tmut/Pois      Unusable     N/A         3
 Ice Form                 Ice/Tmut       Unusable     N/A         4
 Statue Form              Tmut/Erth      Unusable     N/A         6
 Dragon Form              Tmut           Unusable     N/A         7

Inventory:

Hand Weapons
 a - a +5 antimagic battleaxe (weapon)
 b - the +9 arbalest of Infection {vorpal, Dex+4} Any bolt fired from it inflicts extra damage. It affects your dexterity (+4).
 w - a +2 war axe of flaming
Missiles
 u - 17 silver javelins
 z - 2 throwing nets {=f}
 C - 15 javelins (quivered)
 T - 70 bolts
Armour
 m - a +0 cloak (worn)
 o - a +0 pair of boots (worn)
 v - a +3 plate armour of cold resistance
 D - the +10 plate armour of Infinity (worn) {Str+7 Slay-4}

   It affects your strength (+7).
   It affects your accuracy and damage with ranged weapons and melee attacks
   (-4).
 X - a +2 chain mail of poison resistance
 Y - a +0 pair of gloves of archery (worn)
Magical Staves
 c - an uncursed staff of air
 t - an uncursed staff of death {unknown}
Jewellery
 h - the ring "Mixes" (right hand) {rF+ EV+4}

   [ring of evasion]

   It affects your evasion (+4).
   It protects you from fire.
 H - an uncursed ring of resist corrosion
 I - a +6 ring of strength (left hand)
 L - an uncursed ring of fire
 M - an uncursed ring of willpower
 O - an uncursed ring of see invisible
 P - an amulet of guardian spirit (around neck)
Wands
 y - a wand of flame (6)
 B - a wand of digging (11)
 F - a wand of polymorph (4)
 K - a wand of mindburst (14)
 Q - a wand of iceblast (5)
 W - a wand of paralysis (8)
Scrolls
 d - 3 scrolls of blinking
 g - 3 scrolls of remove curse
 i - 2 scrolls of enchant armour
 j - 4 scrolls of teleportation {@r4}
 p - a scroll of amnesia
 q - a scroll of fog
 A - 2 scrolls of identify {@r1}
 J - a scroll of magic mapping
 N - 2 scrolls of fear
Potions
 e - 5 potions of might
 f - 5 potions of heal wounds {@q2}
 k - 2 potions of resistance {unknown}
 l - 2 potions of flight {unknown}
 n - a potion of degeneration {unknown}
 r - 3 potions of attraction {!q}
 s - 11 potions of curing {@q1}
 E - a potion of cancellation {unknown}
 G - a potion of invisibility {unknown}
 R - a potion of berserk rage {unknown}
 S - 2 potions of magic
Miscellaneous
 x - a tin of tremorstones (2/2)
 U - a box of beasts
 V - a phantom mirror

Dungeon Overview and Level Annotations

Branches:
Dungeon (12/15)            Temple (1/1) D:6            Lair (0/6) D:8
    Orc (0/2) D:12          Sewer (visited)         Gauntlet (visited)

Altars:
Ashenzari
Cheibriados
Elyvilon
Fedhas
Gozag
Hepliaklqana
Kikubaaqudgha
Makhleb
Nemelex Xobeh
Okawaru
Qazlal
Ru
Sif Muna
Trog
Vehumet
Yredelemnul
Zin
The Shining One

Shops:
D:5 *   D:10 *

Annotations:
D:12 1 runed translucent door

▒▒▒▒.....▒▒.....▒...)▒≈≈▒.▒▒
▒▒ ▒......▒.....▒.⌠..▒≈#▒..▒
.▒ ▒▒....▒......▒....▒▒▒▒..▒
▒▒ ▒▒▒..▒▒......▒...[...▒..▒
▒▒▒▒.....▒......▒▒▒▒....▒..▒
.▒▒........▒....▒≈≈▒..⌠.▒..▒
.▒▒▒.(...▒.▒....▒≈≈▒....▒..▒
.▒▒......▒▒▒▒...▒▒▒▒'▒▒▒▒..▒
.▒.......▒▒ ▒...nDD........▒
..........▒▒▒.▒.D▒▒........▒
...........▒▒.▒...▒▒...▒▒▒▒▒
..........▒▒.....▒▒▒▒.▒▒
..........▒▒▒......▒▒▒▒
▒▒▒............▒.....▒▒▒
▒▒...▒▒..▒....▒▒.......▒▒
▒▒▒.▒▒▒▒▒▒▒.............▒▒▒
▒▒▒.▒▒.▒▒▒.......^..▒▒....▒▒


You could see 2 fire dragons and an ice dragon (catching breath).


Message History

The ice dragon tramples you but does no damage.
The fire dragon misses you.
The fire dragon claws you but does no damage.
The fire dragon completely misses you.
Your plate armour of Infinity prevents you from hitting the ice dragon.
The ice dragon is lightly wounded.
You slice the fire dragon!!
The ice dragon bites you but does no damage.
The ice dragon claws you but does no damage.
The ice dragon tramples you.
* * * LOW HITPOINT WARNING * * *
You hold your ground!
The fire dragon breathes flames at you.
The blast of flame hits the fire dragon.
The fire dragon resists.
The blast of flame hits you! You resist.
* * * LOW HITPOINT WARNING * * *
The fire dragon breathes flames at you. The blast of flame hits you!
You resist.
* * * LOW HITPOINT WARNING * * *
Unknown command.
You slash the fire dragon!
The fire dragon is heavily wounded.
You closely miss the ice dragon. The ice dragon breathes frost at you.
The blast of cold hits you!! You resist.
You die...

Action                   |  1- 3 |  4- 6 |  7- 9 | 10-12 || total
-------------------------+-------+-------+-------+-------++-------
Melee: Hand axe          |    55 |       |       |       ||    55
       Dagger            |    37 |   297 |   280 |       ||   614
       Battleaxe         |       |       |   210 |   720 ||   930
 Fire: Arbalest          |       |       |       |     6 ||     6
Invok: Lesser Servant of |       |       |       |     3 ||     3
Evoke: Wand              |       |       |       |     1 ||     1
  Use: Scroll            |       |     6 |     6 |    12 ||    24
       Potion            |       |       |       |     2 ||     2
 Stab: Sleeping          |     1 |       |       |       ||     1
Armor: Scale mail        |    24 |       |       |       ||    24
       Chain mail        |    26 |   150 |   145 |       ||   321
       Plate armour      |       |       |   383 |   788 ||  1171
Dodge: Dodged            |    44 |    91 |   244 |   430 ||   809
Block: Buckler           |       |    22 |    67 |       ||    89

Levels and vault maps discovered:
D:1:      shiori_arrival_oz, layout_basic, minivault_24, dk_noncrumbling_3,
          kennysheep_crisscross
D:2:      minmay_spotlight, layout_loops_ring, nicolae_overflow_hidden_temple,
          serial_glass, glass_columns_c, glass_columns_a, glass_columns_a,
          glass_columns_a, kennysheep_slug_shrine
D:3:      layout_loops_ring, kennysheep_ying_yang, lemuel_doored_altar,
          nicolae_overflow_crystal_walls, overflow_temple_1_default
D:4:      layout_basic
D:5:      layout_layer_cave, nzn_hepliaklqana_mist_gate, serial_shops,
          shop_statue, fedhas_altar_3, uniq_grinder
D:6:      layout_loops_ring, minmay_temple_entry_ruins, portal_sewer_entry_a,
          minmay_lizard_king, uniq_edmund
D:7:      layout_basic, general_overflow_altar, uniq_harold, uniq_pikel
D:8:      layout_layer_cave, dpeg_lair_monsters, minmay_misc_feat_plants,
          uniq_erica
D:9:      layout_roguey, kennysheep_diamond, zaba_antful_of_joy
D:10:     layout_roguey, serial_shops, kennysheep_little_box, uniq_snorg
D:11:     layout_cave_pools, gauntlet_entry_generic, due_unseen_surprise,
          uniq_josephine
D:12:     layout_cave_pools, orc_0_dummy, minmay_guarded_unrand_resistance
Temple:   dpeg_chambers_temple

Notes
Turn   | Place    | Note
-------+----------+-------------------------------------------
     0 | D:1      | sanka the Ghoul Monk began the quest for the Orb.
     0 | D:1      | Reached XP level 1. HP: 19/19 MP: 0/0
    36 | D:1      | Reached skill level 3 in Axes
    71 | D:1      | Reached XP level 2. HP: 25/26 MP: 1/1
   291 | D:1      | Reached XP level 3. HP: 24/31 MP: 2/2
   818 | D:2      | Reached skill level 4 in Axes
   889 | D:2      | Reached XP level 4. HP: 40/40 MP: 3/3
   892 | D:2      | Reached skill level 4 in Fighting
   947 | D:2      | Found a snail-covered altar of Cheibriados.
  1269 | D:2      | Found a sacrificial altar of Ru.
  1271 | D:2      | Found a snail-covered altar of Cheibriados.
  1273 | D:2      | Found a glowing golden altar of the Shining One.
  1652 | D:3      | Reached XP level 5. HP: 47/47 MP: 4/4
  1676 | D:3      | Reached skill level 5 in Fighting
  1733 | D:3      | Found an iron altar of Okawaru.
  1775 | D:3      | Found a bloodstained altar of Trog.
  1918 | D:3      | Found an opulent altar of Gozag.
  2062 | D:3      | Found a white marble altar of Elyvilon.
  2112 | D:3      | Found a basalt altar of Yredelemnul.
  2582 | D:4      | Reached skill level 6 in Fighting
  2616 | D:4      | Reached XP level 6. HP: 52/57 MP: 5/5
  3037 | D:4      | Reached skill level 7 in Fighting
  3563 | D:5      | Entered Level 5 of the Dungeon
  3590 | D:5      | Reached XP level 7. HP: 31/67 MP: 6/6
  3817 | D:5      | Found Joorr's General Store.
  3848 | D:5      | Noticed Grinder
  3848 | D:5      | Paralysed by Grinder for 6 turns
  3860 | D:5      | Paralysed by Grinder for 2 turns
  3866 | D:4      | Paralysed by Grinder for 4 turns
  3872 | D:4      | Paralysed by Grinder for 7 turns
  4304 | D:5      | Found a blossoming altar of Fedhas.
  4897 | D:5      | Found a hazy altar of Hepliaklqana.
  5273 | D:6      | Found a staircase to the Ecumenical Temple.
  5283 | D:6      | Reached skill level 8 in Fighting
  5283 | D:6      | Reached skill level 1 in Armour
  5283 | D:6      | Reached skill level 3 in Dodging
  5290 | Temple   | Entered the Ecumenical Temple
  5412 | Temple   | Became a worshipper of Makhleb the Destroyer
  5412 | Temple   | Reached * piety under Makhleb
  5412 | Temple   | Reached ** piety under Makhleb
  5524 | D:6      | Found a glowing drain.
  5524 | D:6      | Noticed Edmund
  5540 | Sewer    | Entered a sewer
  5639 | Sewer    | Noticed Purgy
  5665 | Sewer    | Killed Purgy
  5666 | Sewer    | Reached skill level 1 in Invocations
  5751 | D:6      | Reached skill level 2 in Armour
  5775 | D:6      | Killed Edmund
  5776 | D:6      | Reached skill level 2 in Invocations
  5898 | D:6      | Reached skill level 3 in Invocations
  5898 | D:6      | Reached XP level 8. HP: 74/74 MP: 9/9
  6340 | D:7      | Reached skill level 3 in Armour
  6433 | D:7      | Got a transparent plate armour
  6444 | D:7      | Identified the +10 plate armour of Infinity {Str+7 Slay-4}
                  | (You found it on level 7 of the Dungeon)
  6454 | D:7      | Noticed Harold
  6548 | D:6      | Killed Harold
  6549 | D:6      | Reached skill level 5 in Armour
  6549 | D:6      | Reached skill level 6 in Invocations
  6557 | D:6      | Reached XP level 9. HP: 77/81 MP: 10/12
  6623 | D:7      | Noticed Pikel
  6707 | D:7      | Killed Pikel
  6708 | D:7      | Reached skill level 5 in Axes
  6736 | D:7      | Reached *** piety under Makhleb
  6945 | D:7      | Found an ancient bone altar of Kikubaaqudgha.
  7343 | D:7      | Reached skill level 6 in Armour
  7536 | D:7      | Reached skill level 6 in Axes
  8051 | D:8      | Noticed Erica
  8052 | D:8      | Noticed a death yak
  8052 | D:8      | Noticed a death yak
  8053 | D:8      | Noticed a death yak
  8062 | D:8      | Paralysed by something for 3 turns
  8253 | D:8      | Paralysed by Erica for 3 turns
  8284 | D:7      | Killed a death yak
  8285 | D:7      | Reached skill level 8 in Axes
  8285 | D:7      | Reached XP level 10. HP: 59/88 MP: 13/13
  8453 | D:7      | Killed Erica
  8454 | D:7      | Reached skill level 9 in Axes
  8629 | D:7      | HP: 5/88 [death yak (8)]
  8645 | D:7      | HP: 3/88 [death yak (2)]
  9089 | D:7      | Killed a death yak
  9099 | D:7      | Killed a death yak
  9100 | D:7      | Reached skill level 10 in Axes
  9667 | D:8      | Found a staircase to the Lair.
 10774 | D:9      | Noticed a queen ant
 10781 | D:9      | Reached skill level 11 in Axes
 10786 | D:9      | Reached **** piety under Makhleb
 10789 | D:9      | Killed a queen ant
 10790 | D:9      | Reached XP level 11. HP: 91/94 MP: 11/14
 10830 | D:9      | Reached skill level 12 in Axes
 11658 | D:10     | Entered Level 10 of the Dungeon
 12120 | D:10     | Noticed Snorg
 12126 | D:10     | Killed Snorg
 12303 | D:10     | Found Jashru Qiluro's General Store.
 12337 | D:10     | Got a slimy ring mail
 12348 | D:10     | Identified the +1 ring mail of Ykoygish {Stlth+} (You found
                  | it on level 10 of the Dungeon)
 12458 | D:10     | Got a jewelled arbalest
 12459 | D:10     | Identified the +9 arbalest of Infection {vorpal, Dex+4}
                  | (You found it on level 10 of the Dungeon)
 12944 | D:4      | Killed Grinder
 13486 | D:11     | Reached skill level 13 in Axes
 13546 | D:11     | Reached ***** piety under Makhleb
 13640 | D:11     | Found a gate leading to a gauntlet.
 13699 | Gauntlet | Entered a Gauntlet
 13699 | Gauntlet | Found a transporter.
 13702 | Gauntlet | Noticed a worldbinder
 13832 | Gauntlet | Found a transporter.
 13834 | Gauntlet | Found a transporter.
 13839 | Gauntlet | Found a runed translucent door.
 13840 | Gauntlet | Found a runed translucent door.
 13843 | Gauntlet | Found a transporter.
 13845 | Gauntlet | Found a transporter.
 13847 | Gauntlet | Noticed a great orb of eyes
 13852 | Gauntlet | Noticed a brown ugly thing
 13853 | Gauntlet | Found a transporter.
 13869 | Gauntlet | Found a transporter.
 13879 | Gauntlet | Found a transporter.
 13882 | Gauntlet | Noticed a dire elephant
 13888 | Gauntlet | Noticed a green death
 13889 | Gauntlet | Found a transporter.
 13895 | Gauntlet | Found a transporter.
 13897 | Gauntlet | Found a transporter.
 13916 | Gauntlet | Found a transporter.
 13927 | Gauntlet | Found a transporter.
 13929 | Gauntlet | Noticed a tengu warrior
 13985 | Gauntlet | Found a transporter.
 14077 | Gauntlet | Noticed a mana viper
 14079 | Gauntlet | Noticed a mana viper
 14079 | Gauntlet | Killed a worldbinder
 14361 | Gauntlet | Reached XP level 12. HP: 97/101 MP: 11/15
 14424 | Gauntlet | Reached skill level 14 in Axes
 14494 | Gauntlet | Got a fine jade ring
 14496 | Gauntlet | Identified the ring "Mixes" {rF+ EV+4} (You found it in a
                  | Gauntlet)
 14518 | Gauntlet | Identified the +0 shortbow "Qompo" {freeze, Will+}
 14518 | Gauntlet | Noticed a minotaur
 14534 | Gauntlet | HP: 8/101 [minotaur/+3 antimagic battleaxe (7)]
 14540 | Gauntlet | Killed a minotaur
 14549 | Gauntlet | Identified the Reference Book on Transformation
 14883 | D:10     | Bought a scroll of enchant weapon for 105 gold pieces
 15206 | D:11     | Noticed Josephine
 15216 | D:11     | Killed Josephine
 15505 | D:12     | Noticed an ice dragon
 15506 | D:12     | Noticed an ice dragon
 15507 | D:12     | Found a runed translucent door.
 15507 | D:12     | Noticed a fire dragon
 15507 | D:12     | Noticed a fire dragon
 15508 | D:12     | Found the +2 shield of Resistance {rF++ rC++ Will++}
 15596 | D:12     | Reached skill level 15 in Axes
 15661 | D:12     | Found a staircase to the Orcish Mines.
 15723 | D:12     | Found a runed translucent door.
 15995 | D:12     | Killed an ice dragon
 15999 | D:12     | Killed from afar by an ice dragon

Vanquished Creatures
  A minotaur (Gauntlet)
  Josephine (D:11)
  An ice dragon (D:12)
  Harold (D:6)
  Erica (D:7)
  A queen ant (D:9)
  3 death yaks (D:7)
  2 unseen horrors
  Pikel (D:7)
  A worldbinder (Gauntlet)
  A torpor snail (Gauntlet)
  A gargoyle (D:11)
  2 centaur skeletons
  2 trolls (D:12)
  3 meliai (Gauntlet)
  Grinder (D:4)
  A shadow (D:12)
  4 wraiths (D:11)
  3 yaks (Gauntlet)
  Edmund (D:6)
  6 soldier ants (D:9)
  Purgy (Sewer)
  A phantom (D:10)
  4 orc warriors
  A sky beast (D:8)
  A necrophage (D:11)
  9 centaurs
  4 ogres
  A boggart (Gauntlet)
  2 lemures (D:7)
  A big kobold (D:11)
  7 bullfrogs
  A water moccasin zombie (D:12)
  3 scorpions
  18 killer bees
  4 centaur zombies
  2 bullfrog zombies
  A jelly (D:6)
  A quasit (D:8)
  3 hounds
  6 orc priests
  7 iguanas
  8 orc wizards
  35 worker ants
  2 hell rats (D:8)
  A killer bee zombie (D:8)
  A hound skeleton (D:5)
  6 gnolls
  A howler monkey skeleton (D:7)
  A river rat (D:6)
  16 adders
  A shadow imp (D:9)
  2 white imps (D:7)
  An ufetubus (D:3)
  2 oozes
  An adder skeleton (D:4)
  2 worms
  4 dart slugs
  8 leopard geckos
  32 orcs
  10 giant cockroaches
  11 goblins
  10 hobgoblins
  6 jackals
  12 quokkas
  5 ball pythons
  11 bats
  5 frilled lizards
  2 jackal zombies (D:7)
  11 kobolds
  A quokka skeleton (D:6)
  7 rats
331 creatures vanquished.

Vanquished Creatures (collateral kills)
  Snorg (D:10)
1 creature vanquished.

Vanquished Creatures (others)
  A quokka (D:8)
  2 demonic plants (Gauntlet)
  6 fungi (D:5)
  6 plants
15 creatures vanquished.

Grand Total: 347 creatures vanquished
